 Dungeon Crawl Stone Soup version 0.29.1-12-g30fa7ad0bf (webtiles) character file.

Game seed: 13992272102306491093

9438 Ihaveafatcat the Warrior (level 11, -2/113 HPs)
             Began as a Minotaur Fighter on Jan 12, 2023.
             Was an Initiate of Gozag.
             Killed from afar by an acid dragon (13 damage)
             ... with a splash of acid
             ... on level 10 of the Dungeon.
             The game lasted 00:13:00 (12289 turns).

Ihaveafatcat the Warrior (Minotaur Fighter)        Turns: 12289, Time: 00:13:01

Health: -2/113     AC: 17    Str: 25    XL:     11   Next: 23%
Magic:  10/10      EV:  7    Int:  5    God:    Gozag
Gold:   794        SH:  5    Dex: 10    Spells: 10/10 levels left

rFire   . . .      SeeInvis +   k - +2 war axe (venom)
rCold   . . .      Faith    .   c - +0 buckler
rNeg    + + .      Spirit   .   p - +1 plate armour "Hecvovaw" {rN+}
rPois   .          Reflect  .   (helmet restricted)
rElec   .          Harm     .   (no cloak)
rCorr   .          Rampage  .   r - +1 pair of gloves
Will    .....                   (no boots)
Stlth   ..........              (no amulet)
HPRegen 0.28/turn               e - ring of see invisible
MPRegen 0.12/turn               x - ring of positive energy

@: mighty, studying Throwing
A: horns 2, retaliatory headbutt
a: Renounce Religion, Potion Petition, Call Merchant, Bribe Branch


You were on level 10 of the Dungeon.
You worshipped Gozag.
Gozag was pleased with you.
You visited 2 branches of the dungeon, and saw 11 of its levels.

You collected 976 gold pieces.
You paid 182 gold pieces to Gozag.

Inventory:

Hand Weapons
 a - a +1 war axe of flaming
 k - a +2 war axe of venom (weapon)
Missiles
 b - 13 poisoned darts (quivered)
 B - 4 javelins
Armour
 c - a +0 buckler (worn)
 p - the +1 plate armour "Hecvovaw" (worn) {rN+}
   (You found it on level 4 of the Dungeon)

   rN:        It protects you from negative energy.
 r - a +1 pair of gloves (worn)
Jewellery
 e - a ring of see invisible (left hand)
 j - a ring of positive energy
 x - a ring of positive energy (right hand)
 D - an amulet of faith
 I - a +4 ring of evasion
Wands
 h - a wand of flame (38)
 n - a wand of polymorph (5)
 u - a wand of light (22)
 y - a wand of charming (13)
 E - a wand of mindburst (20)
Scrolls
 l - a scroll of enchant armour
 A - a scroll of fear
 C - 2 scrolls of identify
 H - 2 scrolls of poison
Potions
 d - 4 potions of might
 f - 5 potions of degeneration
 g - 3 potions of mutation
 i - 8 potions of curing
 m - a potion of berserk rage {unknown}
 q - a potion of brilliance {unknown}
 s - 5 potions of cancellation
 t - 3 potions of invisibility
 v - a potion of haste {unknown}
 w - 6 potions of ambrosia
 z - 3 potions of attraction
 G - a potion of flight {unknown}


   Skills:
 + Level 15.4 Fighting
 + Level 7.6 Axes
 + Level 7.7 Throwing
 + Level 8.1 Armour
 + Level 8.1 Shields
 + Level 5.3 Evocations


You had 10 spell levels left.
You didn't know any spells.
Your spell library contained the following spells:

 Spells                   Type           Power      Damage    Failure   Level
 Freeze                   Ice            0%         1d3       100%        1
 Summon Small Mammal      Summ           0%         N/A       100%        1
 Scorch                   Fire           0%         2d5       100%        2
 Sublimation of Blood     Necr           0%         N/A       100%        2
 Wereblood                Tmut           0%         N/A       100%        2
 Call Canine Familiar     Summ           0%         N/A       100%        3
 Gell's Gravitas          Tloc           0%         N/A       100%        3
 Lesser Beckoning         Tloc           0%         N/A       100%        3
 Ozocubu's Armour         Ice            0%         N/A       100%        3
 Portal Projectile        Hex/Tloc       0%         N/A       100%        3
 Summon Guardian Golem    Hex/Summ       0%         N/A       100%        3
 Teleport Other           Tloc           0%         N/A       100%        3
 Tukima's Dance           Hex            0%         N/A       100%        3
 Animate Armour           Summ/Erth      0%         N/A       100%        4
 Flame Wave               Conj/Fire      0%         2d4       100%        4
 Leda's Liquefaction      Hex/Erth       0%         N/A       100%        4
 Blade Hands              Tmut           0%         N/A       100%        5
 Fireball                 Conj/Fire      0%         3d3       100%        5
 Iskenderun's Battlesphe  Conj           0%         2d6       100%        5
 Lee's Rapid Deconstruct  Erth           0%         3d5*      100%        5
 Yara's Violent Unravell  Hex/Tmut       0%         3d3       100%        5
 Starburst                Conj/Fire      0%         6d3       100%        6
 Statue Form              Tmut/Erth      0%         N/A       100%        6
 Summon Cactus Giant      Summ           0%         N/A       100%        6
 Spellforged Servitor     Conj/Summ      0%         N/A       100%        7
 Summon Hydra             Summ           0%         N/A       100%        7
 Ignition                 Fire           0%         3d3       100%        8
 Summon Horrible Things   Summ           0%         N/A       100%        8


Dungeon Overview and Level Annotations

Branches:
Dungeon (10/15)            Temple (1/1) D:7             Orc (0/2) D:9
   Lair: D:8-11

Altars:
Ashenzari
Cheibriados
Dithmenos
Elyvilon
Fedhas
Gozag
Hepliaklqana
Kikubaaqudgha
Makhleb
Nemelex Xobeh
Okawaru
Qazlal
Ru
Sif Muna
Trog
Uskayaw
Vehumet
Wu Jian
Xom
Yredelemnul
Zin
The Shining One

Shops:
D:2 :([   D:6 *   D:9 [

Annotations:
D:10 Snorg


Innate Abilities, Weirdness & Mutations

You have a pair of horns on your head.
You reflexively headbutt those who attack you in melee.


Message History

Snorg is nearby!
Snorg is nearby!
Snorg is nearby!
Snorg bites you but does no damage. Snorg claws you but does no damage.
Snorg claws you.
There is an open door here.
You feel very mighty all of a sudden.
Snorg goes berserk!
You slash Snorg!
Snorg looks as sick as possible!
Snorg is lightly wounded.
Snorg bites you but does no damage. Snorg claws you!! Snorg claws you.
Snorg bites you! Snorg claws you but does no damage. Snorg claws you!
Unknown command.
You are too injured to fight recklessly!
Unknown command.
You are too injured to fight recklessly!
Unknown command.
You are too injured to fight recklessly!
Unknown command.
You are too injured to fight recklessly!
Unknown command.
You are too injured to fight recklessly!
Snorg bites you but does no damage. Snorg claws you. Snorg closely misses you.
You slash Snorg!
Snorg looks as sick as possible!
You headbutt Snorg!
Snorg is moderately wounded.
Snorg bites you! Snorg claws you! Snorg claws you!!
* * * LOW HITPOINT WARNING * * *
Snorg bites you!
* * * LOW HITPOINT WARNING * * *
Snorg claws you but does no damage. x2
Blink to where?
Press: ? - help, Q - select action, (/) - cycle Dir - move target An acid dragon comes into view.
Found a glowing amethyst potion.
As you read the scroll of blinking, it crumbles to dust.
The acid dragon roars!
The acid dragon spits acid at you. The splash of acid hits you!
You die...
Your body crumbles into a pile of gold.

######'#############..#
##..##.# #..# #......#
.... #......# .....
#......# .......
#######.....# .......
##.... #>....# .......
#..... #..##.#
#....##..##@###.
##.....#............
#......#..........D.
#......#............
#.....T'..##..##....
##....##..##### ...!
#.... #### ... #.....
.. #.....


You could see Snorg (berserk, extremely poisoned) and an acid dragon (catching
breath).

Vanquished Creatures
  Erolcha (D:9)
  A two-headed ogre (D:8)
  A queen bee (D:10)
  A troll (D:9)
  A shadow (D:10)
  A wyvern (D:7)
  3 steam dragons
  An orc warrior (D:9)
  A black bear (D:7)
  4 ice beasts
  An ogre (D:7)
  The ghost of ThatPearl the Magician, an amateur DgHW (D:3)
  6 centaurs
  A phantom (D:5)
  5 bullfrogs
  2 scorpions
  A necrophage (D:6)
  15 wights
  31 killer bees
  A howler monkey (D:7)
  2 quasits (D:7)
  2 hounds
  A jelly (D:7)
  3 orc priests
  A gnoll bouda (D:7)
  An iguana (D:6)
  14 orc wizards
  6 adders
  4 shadow imps
  5 white imps
  6 ufetubi
  4 worms
  3 dart slugs
  36 orcs
  7 ball pythons
  4 bats
  6 endoplasms
  2 giant cockroaches
  12 goblins
  7 hobgoblins
  11 jackals
  4 quokkas
  3 frilled lizards
  5 kobolds
  6 rats
  A butterfly (D:6)
235 creatures vanquished.

Vanquished Creatures (others)
  An orc wizard (D:5)
  An orc (D:7)
  3 demonic plants (D:7)
5 creatures vanquished.

Grand Total: 240 creatures vanquished

Notes
Turn   | Place    | Note
-------+----------+-------------------------------------------
     0 | D:1      | Ihaveafatcat the Minotaur Fighter began the quest for the
                  | Orb.
     0 | D:1      | Reached XP level 1. HP: 19/19 MP: 0/0
   749 | D:1      | Reached XP level 2. HP: 23/27 MP: 1/1
  1082 | D:1      | Reached skill level 4 in Fighting
  1082 | D:1      | Reached XP level 3. HP: 31/33 MP: 2/2
  1104 | D:1      | Reached skill level 1 in Throwing
  1485 | D:2      | Reached skill level 1 in Evocations
  1557 | D:2      | Found Rupoguo's Book Emporium.
  1728 | D:2      | Reached XP level 4. HP: 40/40 MP: 3/3
  1741 | D:2      | Found Hiugimothu's Antique Armour Shop.
  1826 | D:2      | Found a faded altar of an unknown god.
  2242 | D:2      | Found Wuanaekkao's Weapon Shop.
  2916 | D:3      | Reached XP level 5. HP: 41/47 MP: 4/4
  3184 | D:3      | Found a runed translucent gate.
  3184 | D:3      | Noticed ThatPearl's ghost (amateur DgHW)
  3185 | D:3      | Found a runed translucent gate.
  3186 | D:3      | Found a runed translucent gate.
  3285 | D:4      | Identified the +1 plate armour "Hecvovaw" {rN+}
  3741 | D:5      | Entered Level 5 of the Dungeon
  4259 | D:5      | Reached XP level 6. HP: 53/53 MP: 5/5
  4586 | D:5      | Reached skill level 5 in Armour
  4589 | D:5      | Reached skill level 5 in Shields
  4868 | D:5      | Reached skill level 5 in Fighting
  4868 | D:5      | Reached XP level 7. HP: 61/61 MP: 6/6
  4906 | D:5      | Got the Codex of Singed Confrontation
  5554 | D:5      | Got Sif Muna's Folio of the Hindering Blizzard
  5610 | D:6      | Found Anafeg's Assorted Antiques.
  5830 | D:6      | Reached skill level 5 in Axes
  5900 | D:6      | Found a shimmering altar of Xom.
  5909 | D:6      | Got Sif Muna's Atlas of the Frozen Escort
  5944 | D:6      | Reached XP level 8. HP: 62/70 MP: 7/7
  6114 | D:6      | Reached skill level 6 in Fighting
  6468 | D:7      | Found a shadowy altar of Dithmenos.
  6501 | D:7      | Reached skill level 5 in Throwing
  6631 | D:7      | Reached XP level 9. HP: 33/78 MP: 8/8
  6878 | D:8      | Reached skill level 7 in Fighting
  7198 | D:6      | Reached skill level 14 in Fighting
  7198 | D:6      | Reached XP level 10. HP: 104/104 MP: 9/9
  7508 | D:7      | Reached skill level 15 in Fighting
  7566 | D:7      | Found a staircase to the Ecumenical Temple.
  7991 | D:3      | Killed ThatPearl's ghost
  9185 | D:8      | Found an iron altar of Okawaru.
  9293 | D:8      | Found a burning altar of Makhleb.
  9294 | D:8      | Noticed a two-headed ogre
  9304 | D:8      | Killed a two-headed ogre
  9980 | Temple   | Entered the Ecumenical Temple
 10028 | Temple   | Became a worshipper of Gozag Ym Sagoz the Greedy
 10137 | D:9      | Found Huak's Specialty Armours.
 10381 | D:9      | Noticed Erolcha
 10388 | D:9      | Killed Erolcha
 10389 | D:9      | Reached skill level 5 in Evocations
 10389 | D:9      | Reached XP level 11. HP: 95/112 MP: 10/10
 10552 | D:9      | Found a staircase to the Orcish Mines.
 11126 | D:9      | Found a white marble altar of Elyvilon.
 11127 | D:9      | Found a glowing golden altar of the Shining One.
 11129 | D:9      | Found a glowing silver altar of Zin.
 11453 | D:10     | Entered Level 10 of the Dungeon
 12283 | D:10     | Noticed Snorg
 12289 | D:10     | Killed from afar by an acid dragon

Illustrated notes

Levels and vault maps discovered:
D:1:      giann_horns, layout_loops_ring
D:2:      layout_loops_ring, serial_shops, shop,
          nicolae_shop_bloodbath_and_beyond, nicolae_shop_statue_plus,
          shapermc_ecumenical_altar_mp_highgroup, minmay_close_crescents
D:3:      layout_rooms, biasface_ghost_orc_armoury
D:4:      layout_rooms, nicolae_kite_square_tiling_tiny
D:5:      layout_basic
D:6:      layout_rooms, xom_butterflies, serial_shops, shop, serial_glass,
          glass_columns_a, glass_columns_a, minmay_manual_mares
D:7:      minmay_angry_zag, layout_loops_ring,
          nicolae_dithmenos_through_a_glass_darkly, minmay_temple_entry_fiery,
          serial_demonic, serial_demonic_e, serial_demonic_b, serial_demonic_a,
          serial_demonic_d, serial_demonic_f, hangedman_decor_push
D:8:      layout_layer_cave, mainiacjoe_overflow_catch_the_wave, enter_bailey_2
D:9:      layout_loops_ring, good_gods_temple_1, orc_0_dummy,
          nicolae_barding_shop, uniq_erolcha
D:10:     layout_gridville, dpeg_oklobed_lair, minivault_7, uniq_snorg,
          uniq_sonja
Temple:   hellmonk_temple_of_storms

Skill      XL: |  1  2  3  4  5  6  7  8  9 10 11 |
---------------+----------------------------------+-----
Fighting       | 4 5 6 14 15 | 15.4
Throwing       | 1 2 3 5 6 7 |  7.7
Shields        | 4 5 6 7 8 |  8.1
Armour         | 4 5 6 7 8 |  8.1
Evocations     | 1 2 3 4 5 |  5.3
Axes           | 3 4 5 6 7 |  7.6

Action                   |  1- 3 |  4- 6 |  7- 9 | 10-12 || total
-------------------------+-------+-------+-------+-------++-------
Melee: War axe           |   101 |   143 |   125 |   181 ||   550
       Headbutt          |    15 |    10 |    16 |    40 ||    81
Throw: Javelin           |       |       |     4 |       ||     4
       Dart              |       |       |     3 |       ||     3
  Use: Scroll            |     1 |    11 |     6 |     5 ||    23
       Potion            |       |       |     1 |     4 ||     5
 Stab: Distracted        |       |       |       |     1 ||     1
Armor: Scale mail        |    49 |    43 |       |       ||    92
       Plate armour      |       |    42 |   151 |   153 ||   346
Dodge: Dodged            |    42 |    67 |    53 |    94 ||   256
Block: Buckler           |    24 |    43 |    48 |    57 ||   172
